[Event "*** SCC Grand Prix: Titled Tuesday Blitz"]
[Site "Chess.com"]
[Date "2020.06.23"]
[Round "7"]
[White "Chigorinetz"]
[Black "lilleper1"]
[Result "0-1"]
[WhiteElo "2539"]
[BlackElo "2694"]
[TimeControl "180+1"]
[EndTime "11:18:37 PDT"]
[Termination "lilleper1 won on time"]

1. e4 c5 2. Nc3 a6 3. g4 b5 4. Bg2 Bb7 5. Nge2 h5 6. gxh5 Rxh5 7. Ng3 Rh8 8. a4 b4 9. Nd5 e6 10. Ne3 Nc6 11. c3 Nf6 12. e5 Ng8 13. d4 bxc3 14.
bxc3 cxd4 15. cxd4 Bb4+ 16. Bd2 Qa5 17. Rb1 Bxd2+ 18.
Qxd2 Qxd2+ 19. Kxd2 Ra7 20. Nc4 Kd8 21. Nd6 Kc7 22.
Nge4 Nge7 23. Nc5 Ba8 24. h4 Nxd4 25. Bxa8 Rhxa8 26. Rhc1 Nec6 27. Ke3 f6 28. f4 fxe5 29. fxe5 Rh8 30. Rh1 Rh5 31. Nc4 Nf5+ 32. Kf4 Nfe7 33. Kg4 Rf5 34. Rhd1 Nd5 35. Rxd5 exd5 36. Kxf5 dxc4 37.
Rd1 Kc8 38. Ne4 Na5 39. Kg6 Rc7 40. Nd6+ Kd8 41. Kxg7 c3 42. h5 c2 43. Rf1 Ke7 44. h6 c1=Q 45. Rxc1 Rxc1 46. h7 Rg1+ 47. Kh6 Rh1+ 48.
Kg7 Ke6 49. h8=Q Rxh8 50. Kxh8 Kxe5 51. Nc8 d5 52. Ne7 d4 53. Ng6+ Ke4 54. Nh4 d3 55. Ng2 d2 56. Ne3 Kxe3 0-1

[Event "*** SCC Grand Prix: Titled Tuesday Blitz"]
[Site "Chess.com"]
[Date "2020.06.23"]
[Round "7"]
[White "Artem_Koval"]
[Black "H3nriqueTV"]
[Result "0-1"]
[WhiteElo "2417"]
[BlackElo "2233"]
[TimeControl "180+1"]
[EndTime "11:18:37 PDT"]
[Termination "H3nriqueTV won by checkmate"]

1. e4 c5 2. Nf3 d6 3. d4 cxd4 4. Nxd4 Nf6 5. Nc3 Nc6 6. f4 e5 7. Nf3 Bg4 8. h3 Bxf3 9. Qxf3 Nd4 10. Qf2 Qa5 11. Bd3 Rc8 12. O-O Be7 13. Bd2 Qb6 14. fxe5 dxe5 15. Nd5 Qe6 16. Nxe7 Qxe7 17. Bg5 Qc5 18. Bxf6 gxf6 19. c3 Ne6 20. Qxc5 Nxc5 21.
Bc2 Ke7 22. Rf2 Ne6 23. g3 Rhg8 24. Kh2 Rg6 25. Bb3 Ng5 26. Bd5 Rcg8 27. Bxb7 Ne6 28. Rg1 h5 29. Rgg2 Nc5 30. Bd5 Nd3 31. Re2 Rg5 32. b4 Rc8 33. c4 Nxb4 34. Rb2 Nxd5 35. cxd5 Rc3 36. Rb7+ Kf8 37. Rxa7 Re3 38. Ra4 Rd3 39. Rc4 f5 40. exf5 Rxf5 41. Rc5 Rff3 42.
d6 e4 43. Re5 e3 44. Re2 Rxd6 45. Kg2 Rff6 46. R5xe3 Ra6 47. a3 Rg6 48. Ra2 Ra4 49. Rb3 Kg7 50. Rb4 Ra5 51. a4 Rag5 52. Ra3 h4 53. g4 f5 54. Kf3 fxg4+ 55. Rxg4 Rxg4 56.
hxg4 Rf6+ 57. Kg2 Kh6 58. Kh3 Kg5 59. Rb3 Rf1 60. Rb5+ Kf4 61. Kxh4 Rh1# 0-1

[Event "*** SCC Grand Prix: Titled Tuesday Blitz"]
[Site "Chess.com"]
[Date "2020.06.23"]
[Round "7"]
[White "Jumbo"]
[Black "DenLaz"]
[Result "1-0"]
[WhiteElo "2849"]
[BlackElo "2707"]
[TimeControl "180+1"]
[EndTime "11:18:40 PDT"]
[Termination "Jumbo won by checkmate"]

1. d4 d5 2. Bf4 Nf6 3. e3 e6 4. Nf3 c5 5. c3 Bd6 6. Bg3 Qc7 7. Nbd2 Nbd7 8. Rc1 O-O 9. c4 b6 10. b4 Bb7 11.
Be2 Rad8 12. O-O Bxg3 13. hxg3 dxc4 14. bxc5 bxc5 15. Nxc4 Qb8 16. Na5 Ba8 17. Qa4 Nb6 18. Qa3 cxd4 19. Nxd4 Qd6 20. Qxd6 Rxd6 21. Rc7 Rd7 22.
Rfc1 g6 23. Rxd7 Nfxd7 24. Rc7 Bd5 25. a3 Rc8 26. Rxa7 Rc1+ 27. Kh2 Ra1 28. Nac6 Nc5 29. f3 Bxc6 30. Nxc6 Nd5 31. e4 Ne3 32. Ne5 Ra2 33. Bb5 Rxg2+ 34. Kh3 Rg1 35. g4 f6 36. Nd3 Nxd3 37.
Bxd3 Rd1 38. Bb5 Rb1 39. a4 Nd1 40. Rc7 Nf2+ 41. Kg3 Nh1+ 42. Kg2 h5 43. gxh5 gxh5 44. Bc4 h4 45. Bxe6+ Kh8 46. a5 Ra1 47. Bc4 Ng3 48. a6 Ra4 49. Bb5 Ra5 50. a7 Nh5 51. Kh3 Nf4+ 52.
Kxh4 Ne6 53. Rc8+ Kg7 54. a8=Q Rxb5 55. Qc6 Re5 56. Qd7+ Kh6 57. Rh8+ Kg6 58. Qh7# 1-0

[Event "*** SCC Grand Prix: Titled Tuesday Blitz"]
[Site "Chess.com"]
[Date "2020.06.23"]
[Round "7"]
[White "blitzking1729"]
[Black "MathiasWomacka"]
[Result "0-1"]
[WhiteElo "2566"]
[BlackElo "2440"]
[TimeControl "180+1"]
[EndTime "11:18:41 PDT"]
[Termination "MathiasWomacka won by resignation"]

1. d4 Nf6 2. Bg5 Ne4 3. Bf4 c5 4. f3 Qa5+ 5. c3 Nf6 6. d5 Qb6 7. Bc1 e6 8. e4 exd5 9. exd5 Bd6 10. c4 O-O 11. Bd3 Re8+ 12. Ne2 Be5 13. O-O d6 14. Nbc3 Nbd7 15. Kh1 Nf8 16. Qc2 Ng6 17. Rb1 Bd7 18. a3 Qd8 19. f4 Bxc3 20. Nxc3 Ng4 21. g3 Ne3 22. Bxe3 Rxe3 23. Ne4 Qe7 24. b4 Bf5 25. Rbe1 Bxe4+ 26. Bxe4 Rxe1 27. Rxe1 f5 28. bxc5 fxe4 29. cxd6 Qxd6 30. Qxe4 Rc8 31. Re3 b6 32. f5 Nf8 33. Rf3 Qf6 34. g4 h6 35. Kg2 Rc7 36. h4 Qxh4 37. f6 gxf6 38. d6 Rg7 39. Rg3 Qg5 40. Kh3 Rd7 41. Rd3 Kg7 42. Rd5 Qc1 43.
Qf5 Qc3+ 44. Rd3 Qxc4 45. Re3 Qf7 46. Rd3 Ng6 47. Kg3 Ne5 48. Rd1 Qb3+ 49. Kg2 Qxd1 50. g5 Qe2+ 51. Kg3 hxg5 52. Qe6 Qe3+ 53. Kg2 Qe4+ 54.
Kf2 Nd3+ 0-1

[Event "*** SCC Grand Prix: Titled Tuesday Blitz"]
[Site "Chess.com"]
[Date "2020.06.23"]
[Round "7"]
[White "szachuspl"]
[Black "Kopytkin"]
[Result "1-0"]
[WhiteElo "2569"]
[BlackElo "2397"]
[TimeControl "180+1"]
[EndTime "11:18:44 PDT"]
[Termination "szachuspl won on time"]

1. d4 d5 2. c4 c6 3. Nc3 Nf6 4. Nf3 a6 5. e3 b5 6. b3 Bg4 7. Be2 e6 8. O-O Nbd7 9. a4 b4 10.
Na2 Ne4 11. Bd2 a5 12. Nc1 f5 13. cxd5 cxd5 14. Nd3 Bd6 15. h3 Bxf3 16. Bxf3 O-O 17. Rc1 Qh4 18. Rc6 Ndf6 19. Ne5 g5 20. Be1 Rad8 21.
Bxe4 Nxe4 22. f3 Ng3 23. Bxg3 Qxg3 24. Qe1 Bxe5 25. dxe5 Qxe5 26. Rc5 Rc8 27. Rxa5 Rc3 28. Qd1 Qxe3+ 29. Kh1 Rfc8 30. Re1 Qf4 31. Qe2 R8c6 32. Ra8+ Kg7 33. Ra7+ Kg6 34. Re7 e5 35. Rxe5 Rf6 36. Re6 Rc6 37. Rxf6+ Rxf6 38. Qe8+ Kh6 39. Re7 Qc1+ 40.
Re1 Qc6 41. Qe5 Qd6 42. Qd4 Re6 43. Rd1 Qe5 44. Qxd5 Qxd5 45. Rxd5 Re3 46. Rxf5 Rxb3 47. Rb5 Rb1+ 48. Kh2 b3 49. a5 b2 50. Kg3 Kg6 51.
a6 Ra1 52. Rb6+ Kf5 53. Rxb2 Rxa6 54. Rb5+ Kg6 55. h4 h6 56. hxg5 hxg5 57. Rc5 Rd6 58. Re5 Rb6 59. Re8 Rc6 60. Re4 Rb6 61. Kg4 Rf6 62.
g3 Rd6 63. Kh3 Kf5 64. Rb4 1-0

[Event "*** SCC Grand Prix: Titled Tuesday Blitz"]
[Site "Chess.com"]
[Date "2020.06.23"]
[Round "7"]
[White "abykhovsky"]
[Black "TokChess"]
[Result "1-0"]
[WhiteElo "2684"]
[BlackElo "2371"]
[TimeControl "180+1"]
[EndTime "11:18:44 PDT"]
[Termination "abykhovsky won on time"]

1. d4 Nf6 2. Nf3 d5 3. c4 g6 4.
Nc3 Bg7 5. Bg5 Ne4 6. Bh4 Nxc3 7. bxc3 c5 8. e3 Nc6 9. cxd5 Qxd5 10. Qb3 Qxb3 11. axb3 cxd4 12. cxd4 O-O 13. Bb5 e6 14.
Ke2 Bd7 15. Rhc1 a6 16. Bd3 Rfc8 17. Nd2 Nb4 18. Be4 Nd5 19. Nc4 Rc6 20. Kd2 Rac8 21. Bg3 b5 22. Nd6 Rxc1 23. Rxc1 Rxc1 24. Kxc1 Bf8 25. Nb7 Ba3+ 26. Kd2 Bb4+ 27. Kd3 Kf8 28. Bd6+ Bxd6 29. Nxd6 Ke7 30. Nb7 Bc8 31. Bxd5 exd5 32.
Nc5 a5 33. f3 f5 34. h4 Kd6 35. Kc3 b4+ 36. Kc2 h6 37. Nd3 g5 38. hxg5 hxg5 39.
Ne5 Be6 40. Nd3 Bc8 41. Nc5 g4 42. Kd2 Ke7 43. Ke1 gxf3 44. gxf3 Kf6 45. Kf2 Kg5 46. Kg3 f4+ 47. exf4+ Kf5 48. Kf2 Kxf4 49. Nd3+ Kf5 50. Nc5 Kf4 51. Nd3+ Kf5 52. Ke3 Ba6 53. Nf4 Bb7 54.
Nd3 Ba6 55. Nc5 Bc8 56. Ke2 Kf4 57. Kf2 Kf5 58. Ke3 Kg5 59. Na4 Kf5 60. Nb6 Be6 61. Ke2 Kf4 62. Kf2 Bf5 63. Nxd5+ Kg5 64. Ne3 Be6 65.
d5 Bd7 66. Nc4 a4 67. bxa4 Bxa4 68. Ke3 Kf5 69. Kd4 Kf4 70. Nd2 b3 71. Kc3 Ke3 72. Nxb3 Kxf3 73. Nc5 1-0

[Event "*** SCC Grand Prix: Titled Tuesday Blitz"]
[Site "Chess.com"]
[Date "2020.06.23"]
[Round "7"]
[White "IwkooO"]
[Black "attack2mateU"]
[Result "0-1"]
[WhiteElo "2527"]
[BlackElo "2679"]
[TimeControl "180+1"]
[EndTime "11:18:47 PDT"]
[Termination "attack2mateU won on time"]

1. e4 c5 2. Nf3 d6 3. d4 cxd4 4. Nxd4 Nf6 5. Nc3 a6 6. Be3 e5 7. Nb3 Be6 8. Qd2 Nbd7 9. f4 b5 10. O-O-O Qc7 11. h3 h5 12. Kb1 Be7 13. Bd3 h4 14. f5 Bc4 15. Qe2 Rc8 16. Nd2 d5 17. exd5 Nxd5 18. Nxd5 Bxd5 19. Rc1 Nc5 20. Bxc5 Qxc5 21.
Rhe1 O-O 22. Qh5 Bf6 23. Ne4 Bxe4 24. Rxe4 Rfd8 25. Qe2 Rb8 26. Re1 a5 27. Qe3 Qc6 28.
Qe2 b4 29. Rc4 Qd5 30. Qe4 Qd7 31.
Qc6 Qa7 32. Qc5 Qd7 33. Qxa5 e4 34. Rcxe4 Qd6 35. Qa6 Qg3 36. R4e2 Ra8 37. Qc4 Qd6 38. Qb3 Qc5 39. Qc4 Qb6 40. Qb3 Ra7 41. Re4 Qc6 42.
Qc4 Qd7 43. Qxb4 Rda8 44. a4 Rb7 45. Bb5 Qc7 46. Qc4 Qxc4 47. Rxc4 Rb6 48. Rce4 Kf8 49. Re7 Bxe7 50. Re4 Rd6 51. b3 Rd1+ 52. Ka2 Bf6 53. b4 Ra1+ 54. Kb3 Rb1+ 55. Kc4 Rc8+ 56. Kd3 Rb2 57. c4 Rb3+ 58. Kc2 Rxb4 59. a5 Rb2+ 60.
Kd3 Rd8+ 61. Ke3 Bg5+ 62. Kf3 Rd3+ 63. Kg4 Rg3+ 64. Kh5 Kg8 65. Re8+ Kh7 0-1

[Event "*** SCC Grand Prix: Titled Tuesday Blitz"]
[Site "Chess.com"]
[Date "2020.06.23"]
[Round "7"]
[White "Lupul_Cenusiu"]
[Black "Leonid_Starozhilov"]
[Result "1/2-1/2"]
[WhiteElo "2570"]
[BlackElo "2718"]
[TimeControl "180+1"]
[EndTime "11:18:48 PDT"]
[Termination "Game drawn - insufficient material"]

1. d4 Nf6 2. c4 g6 3. Nc3 Bg7 4. Nf3 d6 5. g3 O-O 6. Bg2 c6 7. O-O Bf5 8. Ne1 e5 9. d5 cxd5 10. cxd5 Na6 11. e4 Bd7 12. h3 b5 13. a3 b4 14.
axb4 Nxb4 15. Nd3 a5 16. Be3 Qe7 17. Qd2 Nh5 18. Rfe1 f5 19. exf5 Nxd3 20. f6 Bxf6 21. Qxd3 Bg5 22. Bxg5 Qxg5 23. Ne4 Bf5 24. Nxg5 Bxd3 25.
Re3 Bb5 26. Rea3 a4 27. b3 Ra5 28. bxa4 Bd7 29. Ne4 Rfa8 30. Nxd6 Rxa4 31. Rxa4 Rxa4 32. Rxa4 Bxa4 33. Nc4 Kf7 34. Nxe5+ Ke7 35. Ng4 Kd6 36. Ne3 Bb3 37. Kf1 Nf6 38. Ke2 Nd7 39. f4 Nc5 40. h4 Ba2 41. Bf3 Nd7 42. h5 gxh5 43. Bxh5 Nf6 44.
Bf3 Bb1 45. Kd2 Kc5 46. g4 Kd4 47. g5 Nd7 48. Bg4 Nc5 49. Be6 Ne4+ 50. Ke2 Bd3+ 51. Kf3 Nd6 52. Ng4 Be4+ 53. Kf2 Bxd5 54. Bxd5 Kxd5 55.
Nf6+ Ke6 56. Nxh7 Kf5 57. Kf3 Nf7 58. g6 Kxg6 59. Nf8+ Kf5 60. Nd7 Nd6 61. Nc5 Nc4 62. Nb3 Nb6 63. Nd4+ Kf6 64. Ke4 Nc4 65. Nb5 Nd2+ 66.
Ke3 Nc4+ 67. Kf3 Nd2+ 68. Kg4 Nc4 69. Nc3 Ne3+ 70. Kf3 Nf5 71. Ne4+ Kg6 72. Kg4 Ne3+ 73. Kf3 Nd5 74. Ng3 Nxf4 1/2-1/2

[Event "*** SCC Grand Prix: Titled Tuesday Blitz"]
[Site "Chess.com"]
[Date "2020.06.23"]
[Round "7"]
[White "TheLawAdv"]
[Black "ALEXJR20"]
[Result "1/2-1/2"]
[WhiteElo "2019"]
[BlackElo "2199"]
[TimeControl "180+1"]
[EndTime "11:18:48 PDT"]
[Termination "Game drawn - insufficient material"]

1. e4 Nc6 2. d4 d5 3. exd5 Qxd5 4. c3 Nf6 5. Nf3 Bg4 6. Be2 O-O-O 7. O-O e6 8. Be3 Bd6 9. Nbd2 Qh5 10. c4 e5 11.
c5 Be7 12. Qa4 exd4 13. Bf4 Bxc5 14. Rac1 Bd6 15. Bg3 Rhe8 16. Rxc6 bxc6 17. Qxc6 Rxe2 18. Qa6+ Kd7 19. Qxe2 Re8 20. Qd3 Bxf3 21. Nxf3 Re4 22. Nxd4 Qd5 23. Qb5+ Qxb5 24. Nxb5 Rb4 25. Nxd6 cxd6 26.
Rd1 Ne4 27. Be5 f6 28. Bd4 a5 29. f3 Ng5 30. Bc3 Rb5 31. a4 Rc5 32. Be1 Nf7 33. b4 axb4 34. Bxb4 Rc4 35. Be1 Rxa4 36. Bg3 Ra2 37.
h4 g6 38. Bf2 g5 39. Bd4 Ke6 40. hxg5 fxg5 41. Re1+ Kd5 42. Rd1 Ke6 43. Be3 Ra3 44.
Kf2 Ra2+ 45. Kg3 Ra3 46. Bf2 Kf5 47. Rd5+ Ke6 48. Rd4 Ra2 49. Re4+ Ne5 50. Bd4 Kf5 51. Kh3 h5 52. Re1 Ra4 53. g4+ hxg4+ 54. fxg4+ Ke6 55.
Be3 Ra3 56. Kg2 Nxg4 57. Bxg5+ Kf5 58. Be7 Ra2+ 59. Kg3 Rd2 60. Rf1+ Ke6 61. Re1+ Kd5 62.
Kxg4 Rd4+ 63. Kf5 Ra4 64. Bf6 Kc5 65. Be7 Kc6 66. Rd1 d5 67. Ke6 Ra7 68. Rxd5 Rxe7+ 69. Kxe7 Kxd5 1/2-1/2

[Event "*** SCC Grand Prix: Titled Tuesday Blitz"]
[Site "Chess.com"]
[Date "2020.06.23"]
[Round "7"]
[White "GukeshDommaraju"]
[Black "RitvarsReimanis"]
[Result "0-1"]
[WhiteElo "2695"]
[BlackElo "2565"]
[TimeControl "180+1"]
[EndTime "11:18:50 PDT"]
[Termination "RitvarsReimanis won by resignation"]

1. c4 c6 2. d4 d5 3. Nf3 Nf6 4. Nc3 e6 5. Bg5 Be7 6. e3 Nbd7 7. Bd3 b6 8. O-O Bb7 9. Qe2 O-O 10. Rad1 h6 11. Bh4 Ne4 12. Bxe7 Nxc3 13. bxc3 Qxe7 14. e4 Qa3 15. exd5 cxd5 16. cxd5 Bxd5 17. c4 Bb7 18. Be4 Bxe4 19. Qxe4 Qxa2 20. Qb7 Nf6 21. Ne5 Rab8 22. Qf3 Qb2 23. Nc6 Ra8 24. d5 exd5 25. cxd5 Nd7 26. Rfe1 Rfe8 27. Ne7+ Kf8 28. d6 Qf6 29. Qe4 g6 30.
Qc6 Ne5 31. Qc7 Rad8 32. h3 Rd7 33. Qc3 Rxd6 34. Nd5 Rxd5 35. Rxd5 Nf3+ 36. Qxf3 Rxe1+ 37. Kh2 Qxf3 38. gxf3 Ra1 39. Rd8+ Kg7 40. Rb8 h5 41. h4 Ra4 42. Kg3 Ra5 43. Rb7 b5 44. f4 Kf6 45. Rb8 a6 46. Rb6+ Kf5 47. Rb7 f6 48. Rb6 Ra3+ 49. f3 Ra4 50. Rc6 b4 51. Rc5+ Ke6 52.
Rc6+ Ke7 53. Rc7+ Kd6 54. Rb7 a5 55. Rb6+ Ke7 56. f5 gxf5 57. Kf4 b3+ 58. Kxf5 Rb4 59.
Re6+ Kd7 60. Re1 b2 61. Rb1 a4 62. Kxf6 a3 0-1

[Event "*** SCC Grand Prix: Titled Tuesday Blitz"]
[Site "Chess.com"]
[Date "2020.06.23"]
[Round "7"]
[White "PavelShkapenko"]
[Black "FedaMaster"]
[Result "1-0"]
[WhiteElo "2666"]
[BlackElo "2494"]
[TimeControl "180+1"]
[EndTime "11:18:52 PDT"]
[Termination "PavelShkapenko won on time"]

1. e4 d5 2. exd5 Qxd5 3. Nc3 Qd6 4. d4 Nf6 5. Nf3 Bg4 6. h3 Bh5 7. g4 Bg6 8. Ne5 Nbd7 9. Bf4 Nxe5 10. Bxe5 Qd7 11. Qf3 c6 12. O-O-O Nd5 13. Nxd5 cxd5 14. Qb3 a6 15. Bg2 Rc8 16. c3 e6 17. Rhe1 Be7 18. Bxg7 Bg5+ 19. Re3 Bxe3+ 20. fxe3 Rg8 21. Bf6 b5 22. Bf3 Qc7 23. h4 Be4 24. Bxe4 dxe4 25.
g5 Qc4 26. Qa3 b4 27. Qa4+ Qb5 28. Qxb5+ axb5 29. Kc2 Kd7 30. Rf1 Rc6 31. Be5 Ke7 32. Kb3 bxc3 33. bxc3 Rgc8 34. Rc1 Rc4 35. a3 Kd7 36.
Rc2 R8c6 37. Bg3 Ra6 38. Be1 Rca4 39. Ra2 Ke7 40. Bd2 Kf8 41. Bc1 Kg7 42. Bb2 Kg6 43. Ra1 Kh5 44. Rf1 Ra7 45. Rf4 R4a6 46. Rxe4 Rc6 47.
Rf4 Rd7 48. Bc1 Kg6 49. Bd2 e5 50. Re4 Re6 51. Bc1 exd4 52. Rxe6+ fxe6 53. exd4 Kh5 54. Kb4 Rd5 55. Bf4 Kxh4 56. Bd2 Kg4 57. a4 bxa4 58. Kxa4 Kf3 59. Kb4 Ke2 60. Bc1 Kd3 61. Bf4 Rf5 62. Be5 Rxg5 63. c4 Rg1 64. c5 Rc1 65.
Kb5 Ke4 66. c6 Kd5 67. c7 h5 68. Kb6 h4 69. Kb7 Rb1+ 70. Kc8 Kc6 71. Kd8 1-0

[Event "*** SCC Grand Prix: Titled Tuesday Blitz"]
[Site "Chess.com"]
[Date "2020.06.23"]
[Round "7"]
[White "Anton_Demchenko"]
[Black "WIDBIFS"]
[Result "1-0"]
[WhiteElo "2849"]
[BlackElo "2711"]
[TimeControl "180+1"]
[EndTime "11:18:53 PDT"]
[Termination "Anton_Demchenko won by resignation"]

1. d4 Nf6 2. Nf3 g6 3. Bf4 Bg7 4. c3 O-O 5. Nbd2 c5 6. dxc5 Na6 7. Nb3 Ne4 8. Qd5 Nexc5 9. e3 Nxb3 10. axb3 Nc7 11.
Qd1 d6 12. Be2 Ne6 13. Bg3 b6 14. O-O Bb7 15. Nd4 Nc5 16. f3 a6 17. b4 Nd7 18.
Bf2 e5 19. Nc2 d5 20. b5 a5 21. Qb1 Qc7 22. Rd1 Rfd8 23. Qa2 Nc5 24. Rac1 h6 25. Bf1 Qe7 26. Ne1 Kh7 27. Nd3 Nxd3 28. Bxd3 e4 29. Be2 f5 30. f4 Rac8 31. Rc2 Qc5 32. Rcd2 Bf6 33. h3 h5 34. Kh2 h4 35. Qb1 Kg7 36. Rg1 Kf7 37. Qe1 Qe7 38. g4 hxg3+ 39. Rxg3 Rh8 40.
Qg1 Rh6 41. Bf1 Rch8 42. c4 d4 43. exd4 Ba8 44. d5 Qb4 45. Be3 Bh4 46. Qf2 Bxg3+ 47. Qxg3 a4 48. d6 a3 49. bxa3 Qc3 50. d7 Bb7 51. d8=Q Rxd8 52. Rxd8 Qa1 53. Rd2 Qxf1 54.
Rd7+ Ke6 55. Rxb7 Qe2+ 56. Bf2 e3 57. Qxe3+ Qxe3 58. Bxe3 Rh7 59. Rxb6+ 1-0

[Event "*** SCC Grand Prix: Titled Tuesday Blitz"]
[Site "Chess.com"]
[Date "2020.06.23"]
[Round "7"]
[White "Grandelicious"]
[Black "zaur-mammadov"]
[Result "1-0"]
[WhiteElo "2789"]
[BlackElo "2602"]
[TimeControl "180+1"]
[EndTime "11:18:54 PDT"]
[Termination "Grandelicious won by resignation"]

1. e4 e6 2. d4 d5 3. e5 c5 4. c3 Nc6 5. Nf3 Qb6 6. Bd3 cxd4 7. cxd4 Bd7 8. Bc2 Nb4 9. Ba4 Bxa4 10. Qxa4+ Qc6 11.
Qxc6+ bxc6 12. Na3 c5 13. Ke2 Rc8 14. Be3 Ne7 15.
Nb5 Nf5 16. Nxa7 Rb8 17. a4 Nc2 18. Rab1 cxd4 19. Bd2 Rb3 20. Rhc1 d3+ 21. Kd1 Bc5 22.
Nb5 Bxf2 23. Rxc2 dxc2+ 24. Kxc2 Rxb5 25. axb5 Kd7 26. Kd3 Rb8 27. Ra1 Rxb5 28. b4 Rb7 29.
Ra8 Ra7 30. Rf8 Ke7 31. Rb8 f6 32. g4 Nh4 33. exf6+ gxf6 34. Nxh4 Bxh4 35. Rh8 Kd6 36. b5 Rb7 37. Bb4+ Ke5 38. Bc3+ Kf4 39. b6 e5 40. Ba5 Bf2 41. Rf8 Kg5 42. h4+ Kg6 43. g5 e4+ 44.
Ke2 Bd4 45. gxf6 Bxf6 46. h5+ Kg7 47. Ra8 Bd4 48. h6+ Kxh6 49. Rd8 Kg7 50. Rxd5 Bxb6 51.
Rb5 Bxa5 52. Rxb7+ Kg6 53. Ke3 Bd8 54. Kxe4 Bf6 55. Rb6 h6 56. Kf4 h5 57. Ra6 h4 58.
Kg4 Kg7 59. Kf5 Bc3 60. Rg6+ Kf7 61. Re6 Bb4 62. Rh6 Be7 63. Rh7+ Ke8 64. Ke6 Bf8 65. Rxh4 Bg7 66. Ra4 Kd8 67. Ra8+ Kc7 68. Ra7+ 1-0

[Event "*** SCC Grand Prix: Titled Tuesday Blitz"]
[Site "Chess.com"]
[Date "2020.06.23"]
[Round "7"]
[White "XDPS"]
[Black "rubhani"]
[Result "1-0"]
[WhiteElo "2679"]
[BlackElo "2528"]
[TimeControl "180+1"]
[EndTime "11:18:55 PDT"]
[Termination "XDPS won by resignation"]

1. e4 c5 2. Nf3 d6 3. d4 cxd4 4. Nxd4 Nf6 5. Nc3 a6 6. Be2 e5 7. Nf3 Be7 8. Bg5 O-O 9. Bxf6 Bxf6 10. O-O Nc6 11. Nd5 Be7 12. h3 f5 13. Bc4 Kh8 14.
exf5 Bxf5 15. Ne3 Bg6 16. c3 Rc8 17. Be6 Rb8 18. Nd2 Bg5 19. Ndc4 Rf6 20. Bd5 Ne7 21. Ng4 Rf4 22. Nce3 Bh5 23. Bf3 e4 24. Be2 d5 25.
Ne5 Bxe2 26. Qxe2 Qd6 27. N5g4 Rbf8 28. Rad1 Qe6 29. Nh2 h6 30. Nc2 Nf5 31. Nd4 Nxd4 32. Rxd4 Bf6 33. Rdd1 Rf5 34. Ng4 h5 35. Ne3 Rg5 36.
Kh1 Bd8 37. f4 exf3 38. Rxf3 Re8 39. Rdf1 Bc7 40. Qd3 Kg8 41. Qd2 Qe5 42. g3 Rxg3 43.
Qxd5+ Qxd5 44. Nxd5 Rxf3 45. Rxf3 Bd6 46. Rf2 Re1+ 47.
Kg2 g6 48. Rd2 Kg7 49. a3 Kf7 50. Nb6 Ke6 51. Nc4 Bc7 52. Kf2 Re4 53. b3 b5 54.
Nb2 Bb6+ 55. Kg2 Re3 56. Nd3 g5 57. c4 bxc4 58. bxc4 Bd4 59. c5 Kd5 60. Nb4+ Kxc5 61. Nxa6+ Kc4 62. Nb4 g4 63. Nc2 Rxh3 64. Nxd4 Rxa3 65.
Ne2 h4 66. Rd4+ Kc5 67. Rxg4 Ra2 68. Kf3 h3 69. Rh4 Kd5 70. Nc3+ 1-0

[Event "*** SCC Grand Prix: Titled Tuesday Blitz"]
[Site "Chess.com"]
[Date "2020.06.23"]
[Round "7"]
[White "skoularikii"]
[Black "ChronicUnhappiness"]
[Result "1/2-1/2"]
[WhiteElo "2492"]
[BlackElo "2365"]
[TimeControl "180+1"]
[EndTime "11:18:56 PDT"]
[Termination "Game drawn - insufficient material"]

1. e4 d6 2. d4 Nf6 3. Nc3 g6 4. Nf3 Bg7 5. h3 O-O 6. Be2 c5 7.
O-O cxd4 8. Nxd4 Nc6 9. Be3 Nxd4 10. Bxd4 Be6 11. Qd3 a6 12. Qe3 Nd7 13. Bxg7 Kxg7 14. Nd5 Bxd5 15. exd5 b5 16. a4 bxa4 17. Rxa4 a5 18.
Qd4+ Kg8 19. Bb5 Nc5 20. Ra3 Qb6 21. c4 Rab8 22. h4 h5 23. b3 Qc7 24. Rfa1 e5 25. dxe6 Nxe6 26. Qf6 Ra8 27. Re1 Nc5 28. Re7 Qd8 29.
b4 Ne4 30. Qf4 Qxe7 31. Bc6 Rac8 32. b5 Nc5 33. g3 Qe5 34. Qf3 a4 35. b6 Qb2 36. b7 Rb8 37. Kg2 Nxb7 38. Rxa4 Nc5 39. Ra7 Qe5 40. Bd5 Kh8 41. Qd1 Ne6 42. Qc1 Kg7 43. Rd7 Rb2 44. Re7 Qd4 45. Qe1 Nc5 46. Ra7 Nd3 47. Qf1 Qxf2+ 48. Qxf2 Nxf2 49. Kg1 Nd3 50. Rb7 Ne5 51. Rxb2 Ng4 52. Kg2 Ne5 53. Re2 Rc8 54.
Kf2 Nxc4 55. Rc2 Nb6 56. Rxc8 Nxc8 57. Ke3 Ne7 58. Bb3 f5 59. Kf4 Kf6 60. Bc4 d5 61. Bb3 d4 62. Bc4 Nc6 63. Bd5 Ne5 64. Bb3 Ng4 65.
Bc4 Ne5 66. Bb3 d3 67. Ke3 Ng4+ 68. Kxd3 Ke5 69. Bf7 Nf2+ 70. Ke3 Ne4 71. Kf3 Kf6 72.
Be8 Nd6 73. Bc6 g5 74. Bd7 Nf7 75. Bc8 Ne5+ 76. Ke3 g4 77. Kf4 Ng6+ 78. Ke3 Ke5 79. Bd7 f4+ 80. gxf4+ Nxf4 81. Be8 Ng2+ 82. Kf2 Nxh4 83.
Bxh5 Kf4 84. Bxg4 1/2-1/2

[Event "*** SCC Grand Prix: Titled Tuesday Blitz"]
[Site "Chess.com"]
[Date "2020.06.23"]
[Round "7"]
[White "bait_or_mate"]
[Black "Indianlad"]
[Result "0-1"]
[WhiteElo "2620"]
[BlackElo "2951"]
[TimeControl "180+1"]
[EndTime "11:19:06 PDT"]
[Termination "Indianlad won on time"]

1. d4 Nf6 2. c4 g6 3. Nc3 d5 4. cxd5 Nxd5 5. e4 Nxc3 6. bxc3 Bg7 7. Nf3 c5 8. Bb5+ Bd7 9. Be2 O-O 10. O-O cxd4 11.
cxd4 Nc6 12. Be3 Rc8 13. Rb1 Na5 14. d5 b6 15. Bd4 Bh6 16. Ne5 Rc7 17. h3 Bc8 18.
Bb5 Bg7 19. Nf3 f6 20. Qe2 e5 21. dxe6 Bxe6 22. Rfd1 Qe7 23. Be3 Rfc8 24. Nd4 Bf7 25. Bf4 Rc5 26. a4 Rd8 27. Nf3 Rcc8 28. Kh2 Nb3 29. Rxd8+ Rxd8 30. Bc4 Nc5 31. Bxf7+ Qxf7 32. a5 Qe6 33. axb6 axb6 34. Bc7 Re8 35. Rxb6 Qf7 36. Bg3 Nxe4 37. Qb5 g5 38. Qb3 h5 39. Qxf7+ Kxf7 40. Rb7+ Kg6 41. h4 g4 42. Nd4 f5 43. Rb6+ Bf6 44. Nc6 Nxg3 45. fxg3 Re6 46. Ra6 f4 47.
gxf4 Kf5 48. Nb4 Re2 49. Nd5 Bxh4 50. Ra5 Ke6 51. f5+ Kd6 52. Nf4 Re3 53. Nxh5 Bf2 54. f6 Ke6 55. Rg5 Re4 56. Rg7 g3+ 57. Kh3 Ra4 58.
Re7+ Kd6 59. Rb7 Ra5 60. Nxg3 Ke6 61. Ne4 Bd4 62. f7 Bg7 63. Ng5+ Rxg5 64. g4 Bf8 65. Kh4 Rg7 66. g5 Be7 0-1

[Event "*** SCC Grand Prix: Titled Tuesday Blitz"]
[Site "Chess.com"]
[Date "2020.06.23"]
[Round "7"]
[White "vpsetter"]
[Black "rasmussvane"]
[Result "0-1"]
[WhiteElo "2614"]
[BlackElo "2882"]
[TimeControl "180+1"]
[EndTime "11:19:07 PDT"]
[Termination "rasmussvane won by resignation"]

1. e4 c6 2. d4 d5 3. Nc3 dxe4 4.
Nxe4 Nf6 5. Nxf6+ exf6 6. c3 Bd6 7. Bd3 O-O 8. Qc2 Re8+ 9. Ne2 h5 10. Be3 Nd7 11.
O-O-O Nf8 12. Kb1 Be6 13. c4 Rc8 14. Nc3 Bb4 15. Ne4 Be7 16. h4 b5 17. Nc5 bxc4 18. Bxc4 Bxc5 19. dxc5 Qa5 20. Rd6 Qb4 21. Rc1 Rc7 22. Bxe6 Nxe6 23. Qc4 Qa5 24. Qe4 Qb5 25.
Qd3 Qb7 26. Rc3 Qc8 27. Qf5 a5 28. Qxh5 Qa6 29. Qd1 Rb8 30. Qd3 Qc8 31. Rb3 Rcb7 32. Rxb7 Qxb7 33. Qc3 Qb5 34. Rd1 Qa4 35. b3 Qg4 36.
Rd2 a4 37. Kb2 axb3 38. axb3 Nc7 39. Qd4 Qe6 40. Rd3 Nd5 41. Bd2 Qe2 42. Kc2 Ra8 43.
Kb1 Qf1+ 44. Bc1 Qxg2 45. Rd2 Qf3 46. Qd3 Qf4 47. Ra2 Qb8 48. Rxa8 Qxa8 49. Bd2 Qb8 50.
Qc4 Qh2 51. Qd4 f5 52. Kc2 f4 53. b4 Nc7 54. Bc3 Ne6 55. Qe4 Qxf2+ 56. Kb1 f3 57.
Qxc6 Qf1+ 58. Kb2 Qe2+ 59. Kb3 f2 60. Qe8+ Kh7 61. Qxf7 f1=Q 62. Qxf1 Qxf1 63. c6 Qd3 64. c7 Nxc7 65. Kb2 Nb5 0-1

[Event "*** SCC Grand Prix: Titled Tuesday Blitz"]
[Site "Chess.com"]
[Date "2020.06.23"]
[Round "7"]
[White "wonderfultime"]
[Black "Harsha_Bharathakoti"]
[Result "0-1"]
[WhiteElo "2954"]
[BlackElo "2836"]
[TimeControl "180+1"]
[EndTime "11:19:08 PDT"]
[Termination "Harsha_Bharathakoti won by resignation"]

1. d4 d5 2. Nf3 Nf6 3. Bf4 e6 4. e3 Bd6 5. Bg3 O-O 6. Nbd2 c5 7. c3 Qc7 8. Bd3 Nbd7 9. O-O e5 10. dxe5 Nxe5 11.
Nxe5 Bxe5 12. Re1 Re8 13. Qa4 Bd7 14. Qh4 h6 15. Bxe5 Rxe5 16. Qf4 Nh5 17. Qf3 Rg5 18. h3 Re8 19. Rad1 Re6 20. g4 Nf6 21. Qf4 Ree5 22. Nf3 Bxg4 23. Nxg5 hxg5 24. Qg3 Bxd1 25. Rxd1 Qe7 26. Bc2 Qe6 27. Kf1 g6 28. Qf3 Kg7 29. b4 Qa6+ 30. Bd3 Qxa2 31. bxc5 Qb3 32. Rc1 Ne4 33.
Bxe4 dxe4 34. Qg3 Rxc5 35. Kg2 Qe6 36. c4 Rf5 37. c5 Rf3 38. Qg4 Qxg4+ 39. hxg4 Rf6 40.
Rc4 Rc6 41. Kf1 b6 42. Ra4 Rxc5 43. Rxa7 Rc1+ 44. Ke2 Rc2+ 45. Ke1 Rb2 46. Re7 Rb4 47. Kd2 Kf6 48. Rb7 Rb2+ 49. Ke1 Ke6 50. Kf1 f5 51. gxf5+ gxf5 52. Rg7 Kf6 53. Rb7 f4 54. Ke1 Kf5 55. Kf1 Kg4 56. exf4 gxf4 57. Kg2 e3 58. Rg7+ Kf5 59.
Rf7+ Ke5 60. Re7+ Kd6 61. Rf7 Rxf2+ 62. Kh3 b5 63. Kg4 e2 64. Rf6+ Ke7 65. Rf5 e1=Q 66. Rxb5 Qg1+ 67. Kf5 Qd1 68. Re5+ Kf7 69. Re4 Qd5+ 70.
Re5 Qxe5+ 71. Kxe5 f3 0-1